AoeStats
← ERA AI

Arabia

506680458Analyzed
3v3 RM · 17d ago on Sep 14, 2026· 58m 0s· 6 players
Game mode
Random Map
Map size
Normal (6 player)
Population
200
Speed
Normal
Resources
Standard
Victory
Conquest
Starting age
Dark Age
Ending age
Imperial Age
RankedLock teamsTeams togetherTeam positionsShared explorationLock speedFull tech treeHidden civsTurbo modeCheats
Victory
Defeat
🇳🇱 Persians · Netherlands
1076
+13
🇳🇱 Magyars · Netherlands
1024
+15
🇳🇱 Franks · Netherlands
994
+18
🇦🇷 Teutons · Argentina
1031
-16
🇨🇱 Persians · Chile
1026
-16
🇦🇷 Franks · Argentina
973
-14
burg_olaf
6:52 Loom
9:35 Feudal Age
10:06 Double-Bit Axe
10:58 Horse Collar
15:52 Forging
19:37 Bloodlines
22:20 Castle Age
20:29 Scale Barding Armor
23:41 Iron Casting
23:27 Chain Barding Armor
23:26 Bow Saw
23:21 Husbandry
25:03 Wheelbarrow
24:14 Town Watch
28:05 Heavy Plow
28:57 Gold Mining
32:11 Elite Skirmisher
34:31 Thumb Ring
34:33 Fletching
34:43 Padded Archer Armor
35:06 Ballistics
38:37 Imperial Age
36:45 Bodkin Arrow
37:08 Leather Archer Armor
39:20 Chain Barding Armor
38:31 Heavy Camel Rider
41:11 Murder Holes
42:23 Conscription
42:39 Hoardings
43:05 Cavalier
44:25 Hand Cart
43:56 Sappers
46:19 Crop Rotation
46:26 Savar
48:44 Blast Furnace
48:19 Coinage
48:08 Savar
52:50 Gold Shaft Mining
52:05 Stone Mining
53:26 Plate Barding Armor
54:50 Ring Archer Armor
54:57 Stone Shaft Mining
ERA AI
12:16 Loom
14:01 Feudal Age
19:30 Castle Age
20:15 Husbandry
20:36 Forging
20:32 Scale Barding Armor
22:10 Double-Bit Axe
31:14 Chain Barding Armor
31:30 Iron Casting
40:20 Imperial Age
39:57 Wheelbarrow
40:28 Cavalier
41:45 Plate Barding Armor
42:11 Blast Furnace
52:04 Murder Holes
52:31 Ballistics
53:15 Chemistry
52:03 Town Watch
52:34 Hand Cart
52:21 Scale Mail Armor
52:33 Herbal Medicine
53:50 Fletching
fabberlaan
13:24 Feudal Age
14:32 Loom
17:24 Castle Age
15:22 Double-Bit Axe
16:16 Horse Collar
16:58 Scale Barding Armor
18:03 Bloodlines
18:42 Light Cavalry
22:10 Pikeman
23:47 Chain Barding Armor
30:03 Fletching
30:27 Padded Archer Armor
30:35 Gold Mining
31:10 Bodkin Arrow
33:27 Gold Shaft Mining
33:05 Bow Saw
32:58 Heavy Plow
34:01 Leather Archer Armor
41:44 Thumb Ring
42:32 Ballistics
43:46 Husbandry
XITRO
4:58 Loom
10:36 Feudal Age
19:21 Castle Age
21:14 Horse Collar
27:55 Wheelbarrow
27:13 Gold Mining
28:12 Double-Bit Axe
29:51 Bow Saw
30:28 Town Watch
30:45 Scale Mail Armor
31:49 Heavy Plow
32:45 Forging
33:53 Hand Cart
34:56 Stone Mining
38:59 Imperial Age
37:05 Murder Holes
37:30 Ballistics
37:23 Gambesons
37:30 Fletching
38:57 Bodkin Arrow
39:15 Masonry
40:32 Conscription
40:44 Scale Barding Armor
41:15 Iron Casting
40:18 Pikeman
42:25 Hoardings
42:59 Chemistry
42:40 Kamandaran
43:39 Squires
43:43 Padded Archer Armor
44:40 Citadels
45:16 Stone Shaft Mining
46:17 Chain Barding Armor
47:24 Gold Shaft Mining
48:20 Town Patrol
47:48 Halberdier
48:14 Arson
49:25 Plate Barding Armor
49:34 Caravan
49:59 Elite War Elephant
54:21 Blast Furnace
53:37 Leather Archer Armor
53:37 Chain Mail Armor
55:23 Architecture
57:29 Plate Mail Armor
57:44 Man-at-Arms
kz79
9:48 Feudal Age
12:29 Loom
18:33 Castle Age
16:42 Double-Bit Axe
16:39 Horse Collar
17:55 Gold Mining
21:05 Heavy Plow
24:14 Pikeman
26:10 Squires
28:22 Wheelbarrow
35:50 Imperial Age
33:55 Stone Mining
36:51 Padded Archer Armor
36:42 Fletching
37:07 Elite Skirmisher
38:29 Fortified Wall
37:47 Crossbowman
56:09 Scale Mail Armor
56:20 Forging
57:13 Chemistry
56:33 Halberdier
56:58 Arson
58:29 Stone Shaft Mining
jhonzx_11
12:07 Feudal Age
17:36 Castle Age
17:08 Double-Bit Axe
17:17 Gold Mining
22:44 Gold Shaft Mining
23:38 Loom
38:28 Squires
37:57 Pikeman
43:53 Wheelbarrow
Connection lost

Rejoining the realm…

Still unreachable

The connection could not be restored.

Session expired

The server has moved on; the page needs a fresh start.